 Dungeon Sprint DCSS version 0.19-a0-578-g4cfc824 (webtiles) character file.

3800000 Groucho the Axe Maniac (level 17, -15/185 HPs)
             Began as a Centaur Gladiator on June 9, 2016.
             Was a High Priest of Makhleb.
             Demolished by a sculptor of flesh
             ... wielding a +9 great sword
              (196 damage)
             ... in the Dungeon (Sprint VIII: "Arena of Blood").
             The game lasted 00:01:19 (38 turns).

Groucho the Axe Maniac (Centaur Gladiator)            Turns: 38, Time: 00:01:19

Health: -15/185    AC:  5    Str: 18    XL:     17   Next: 53%
Magic:  17/17      EV: 29    Int:  7    God:    Makhleb [*****.]
Gold:   0          SH:  0    Dex: 17    Spells: 0 memorised, 16 levels left

rFire  . . .     SeeInvis +     l - +∞ Axe of Woe
rCold  . . .     Gourm    .     b - +0 leather armour
rNeg   . . .     Faith    .     (shield currently unavailable)
rPois  .         Spirit   .     c - +0 helmet
rElec  .         Dismiss  .     (no cloak)
rCorr  .         Reflect  .     (no gloves)
SustAt .         Harm     .     (no barding)
MR     +....     NoTele   +     (no amulet)
Stlth  +.........               (no ring)
                                h - ring of see invisible

@: very slightly contaminated, hasted, very quick, somewhat resistant to hostile
enchantments, very unstealthy
A: hooves 3, deformed body, speed 2, tough skin 3
a: Minor Destruction, Lesser Servant of Makhleb, Major Destruction, Greater
Servant of Makhleb, Renounce Religion


You were in the Dungeon.
You worshipped Makhleb.
Makhleb was extremely pleased with you.
You were not hungry.

You visited 1 branch

Inventory:

Hand Weapons
 a - a +0 war axe
 l - the +∞ Axe of Woe (weapon)
   (You found it in the Dungeon)
Missiles
 d - 3 throwing nets (quivered)
Armour
 b - a +0 leather armour (worn)
 c - a +0 helmet (worn)
Jewellery
 h - a ring of see invisible (left hand)
Scrolls
 k - a scroll of blinking
Potions
 e - a potion of curing
 g - a potion of heal wounds
 i - 2 potions of magic
 j - a potion of berserk rage
Comestibles
 f - a bread ration


   Skills:
 + Level 25.2 Fighting
 O Level 27 Axes
 - Level 10.7 Throwing
 O Level 27 Dodging


You had 16 spell levels left.
You didn't know any spells.

Dungeon Overview and Level Annotations

Branches:
Dungeon (1/1)

Altars:
Makhleb


Innate Abilities, Weirdness & Mutations

You have hooves in place of feet.
Armour fits poorly on your strangely shaped body.
You cover ground very quickly.
You have extremely tough skin. (AC +3)


Message History

Your Fighting skill gained 2 levels and is now at level 25!
You have mastered Dodging!
You hear a shout! x4
You hear a shout! x3
The bag of meat is engulfed in roaring flames.
The destroyer blinks! x2
You hear a shout!
The bag of meat is engulfed in roaring flames.
Things that are here:
a +9 war axe; a +30 ring of slaying A sculptor of flesh comes into view.
It is wielding a +9 great sword.
You hear a shout! x6
Unknown command.
Unknown command.
The destroyer blinks!
You hear a shout! x2
The meat berserker rages.
The sculptor of flesh hits you with a +9 great sword!!!!!
Ouch! That really hurt!
You die...

........)....##..
...#.§§§§...#....
o..o.o§§)...#... .
..##.#oO........ ..
.......ooo..... ...
##....#O§o..### ....
........O..V..#.....
........V..o.....z.#
#..%......oO@z..#
#################


You could see 2 destroyers, 2 sculptors of flesh, 4 meat berserkers and 8 bags
of meat.

Vanquished Creatures
  13 orcs (D)
  A hill giant (D)
14 creatures vanquished.

Notes
Turn   | Place    | Note
--------------------------------------------------------------
     0 | D        | Groucho the Centaur Gladiator began the quest for the Orb.
     0 | D        | Reached XP level 1. HP: 17/17 MP: 1/1
     4 | D        | Became a worshipper of Makhleb the Destroyer
     5 | D        | Noticed a bag of meat
     6 | D        | Noticed a bag of meat
     8 | D        | Noticed a bag of meat
     8 | D        | Noticed a bag of meat
     9 | D        | Noticed a bag of meat
     9 | D        | Noticed a bag of meat
     9 | D        | Noticed a bag of meat
     9 | D        | Killed a bag of meat
     9 | D        | Reached skill level 10 in Fighting
     9 | D        | Reached skill level 10 in Throwing
     9 | D        | Reached XP level 2. HP: 39/39 MP: 2/2
     9 | D        | Reached XP level 3. HP: 46/46 MP: 3/3
     9 | D        | Reached XP level 4. HP: 53/53 MP: 4/4
     9 | D        | Reached XP level 5. HP: 59/59 MP: 5/5
     9 | D        | Reached XP level 6. HP: 67/67 MP: 6/6
     9 | D        | Reached XP level 7. HP: 73/73 MP: 7/7
     9 | D        | Reached XP level 8. HP: 81/81 MP: 8/8
     9 | D        | Reached XP level 9. HP: 86/86 MP: 9/9
     9 | D        | Reached XP level 10. HP: 94/94 MP: 10/10
     9 | D        | Reached XP level 11. HP: 101/101 MP: 11/11
    10 | D        | Noticed a bag of meat
    10 | D        | Noticed a bag of meat
    12 | D        | Noticed a bag of meat
    12 | D        | Noticed a bag of meat
    12 | D        | Noticed a bag of meat
    13 | D        | Noticed a bag of meat
    13 | D        | Killed a bag of meat
    13 | D        | Reached * piety under Makhleb
    13 | D        | Reached XP level 12. HP: 115/115 MP: 12/12
    13 | D        | Killed a bag of meat
    13 | D        | Reached XP level 13. HP: 125/125 MP: 13/13
    14 | D        | Killed a bag of meat
    14 | D        | Reached ** piety under Makhleb
    14 | D        | Reached XP level 14. HP: 137/137 MP: 14/14
    15 | D        | Noticed a large bag of meat
    15 | D        | Noticed a bag of meat
    15 | D        | Noticed a bag of meat
    15 | D        | Noticed a bag of meat
    16 | D        | Noticed a bag of meat
    16 | D        | Killed a bag of meat
    17 | D        | Noticed a bag of meat
    18 | D        | Killed a bag of meat
    18 | D        | Reached *** piety under Makhleb
    18 | D        | Reached XP level 15. HP: 149/149 MP: 15/15
    20 | D        | Noticed a meat berserker
    20 | D        | Noticed a meat berserker
    20 | D        | Noticed a meat berserker
    21 | D        | Reached **** piety under Makhleb
    21 | D        | Reached XP level 16. HP: 165/165 MP: 16/16
    23 | D        | Noticed a meat berserker
    25 | D        | Reached skill level 27 in Axes
    26 | D        | Noticed a destroyer
    26 | D        | Noticed a destroyer
    26 | D        | Killed a large bag of meat
    26 | D        | Reached ***** piety under Makhleb
    26 | D        | Reached XP level 17. HP: 178/178 MP: 17/17
    33 | D        | Noticed a sculptor of flesh
    35 | D        | Reached skill level 27 in Dodging
    37 | D        | Noticed a sculptor of flesh
    38 | D        | Demolished by a sculptor of flesh

Vault maps used:
D:        meatsprint

Skill      XL: |  1  2  3  4  5  6  7  8  9 10 11 12 13 14 15 16 17 |
---------------+----------------------------------------------------+-----
Fighting       | 10 13 14 16 18 20 22 25 | 25.2
Axes           | 16 19 20 21 23 26 27 | 27.0
Throwing       | 10 | 10.7
Dodging        | 14 16 17 18 20 22 25 27 | 27.0

Action                   |  1- 3 |  4- 6 |  7- 9 | 10-12 | 13-15 | 16-18 || total
-------------------------+-------+-------+-------+-------+-------+-------++-------
Melee: Executioner's axe |     1 |       |       |     1 |     5 |     3 ||    10
  Use: Potion            |     1 |       |       |       |       |       ||     1
